 Dungeon Crawl Stone Soup version 0.29.0-11-gd7f09526c8 (webtiles) character file.

Game seed: 2205921393509998866

973 smilodon the Poker (level 7, -6/59 HPs)
             Began as a Demonspawn Fighter on Sept 7, 2022.
             Mangled by an iguana (11 damage)
             ... on level 5 of the Dungeon.
             The game lasted 00:14:57 (6055 turns).

smilodon the Poker (Demonspawn Fighter)             Turns: 6055, Time: 00:14:58

Health: -6/59      AC: 13    Str: 20    XL:     7   Next: 94%
Magic:  10/10      EV: 11    Int: 15    God:
Gold:   158        SH:  4    Dex: 11    Spells: 8/10 levels left

rFire   . . .      SeeInvis .     - Unarmed
rCold   . . .      Faith    .   c - +0 buckler
rNeg    . . .      Spirit   .   a - +1 robe of Ischopny {rCorr Str-4 Int+6}
rPois   .          Reflect  .   (no helmet)
rElec   .          Harm     .   r - scarf {shadows}
rCorr   +          Rampage  .   (no gloves)
Will    .....                   (no boots)
Stlth   +.........              j - amulet of magic regeneration
HPRegen 0.19/turn               g - +4 ring of protection
MPRegen 0.64/turn               k - +6 ring of strength

@: mighty, sanguine armoured
A: claws 1, powered by pain 1, magic regeneration, sanguine armour 1, clumsy 1,
robust 1, subdued magic 1
a: no special abilities


You were on level 5 of the Dungeon.
You visited 1 branch of the dungeon, and saw 5 of its levels.

You collected 306 gold pieces.
You spent 148 gold pieces at shops.

Inventory:

Hand Weapons
 m - a +2 dagger of venom
Missiles
 f - 42 stones (quivered)
 s - 5 atropa-tipped darts
 t - 9 poisoned darts
Armour
 a - the +1 robe of Ischopny (worn) {rCorr Str-4 Int+6}
   (You bought it in a shop on level 2 of the Dungeon)

   Str:       It affects your strength (-4).
   Int:       It affects your intelligence (+6).
   rCorr:     It protects you from acid and corrosion.
 b - a +0 scale mail
 c - a +0 buckler (worn)
 e - a +0 chain mail
 r - a scarf of shadows (worn)
Jewellery
 g - a +4 ring of protection (left claw)
 j - an amulet of magic regeneration (around neck)
 k - a +6 ring of strength (right claw)
 u - a +6 ring of strength
Scrolls
 d - a scroll of enchant weapon
 h - a scroll of enchant armour {unknown}
 n - 2 scrolls of identify
Potions
 l - a potion of cancellation
 o - a potion of attraction
 q - a potion of brilliance
 v - a potion of ambrosia


   Skills:
 - Level 4.0 Fighting
 - Level 5.2 Polearms
 - Level 3.7 Armour
 * Level 2.3 Dodging
 - Level 3.7 Shields
 * Level 2.8 Unarmed Combat
 * Level 2.3 Spellcasting


You had 8 spell levels left.
You knew the following spells:

 Your Spells              Type           Power      Damage    Failure   Level
a - Wereblood             Tmut           1%         N/A       36%         2

Your spell library contained the following spells:

 Spells                   Type           Power      Damage    Failure   Level
 Sublimation of Blood     Necr           1%         N/A       36%         2
 Summon Hydra             Summ           0%         N/A       100%        7


Dungeon Overview and Level Annotations

Branches:
Dungeon (5/15)             Temple (0/1) D:5

Altars:
Cheibriados
Trog
Yredelemnul

Shops:
D:2 [


Innate Abilities, Weirdness & Mutations

You have sharp fingernails.
You sometimes gain a little power by taking damage.
You regenerate magic rapidly.
When seriously injured, your blood forms armour. (AC +6)
You are clumsy. (Dex -2)
You are robust. (+10% HP)
Your spells are a little easier to cast, but a little less powerful.


Message History

The hound is moderately wounded.
You block the hound's attack. The iguana barely misses you.
The iguana bites you but does no damage.
You claw the hound!
You feel a bit better.
You kill the hound!
The iguana bites you but does no damage.
The iguana bites you!
You claw the iguana!
The iguana is heavily wounded.
Your primal bloodlust is almost over.
The iguana bites you. You block the iguana's attack.
The iguana closely misses you.
You claw the iguana!
The iguana is almost dead.
The iguana bites you. x3
* * * LOW HITPOINT WARNING * * *
Okay, then.
Okay, then.
Your primal bloodlust has ended.
The iguana attacks as you move away!
The iguana bites you but does no damage.
You open the door. You block the iguana's attack.
There is an open door here.
The iguana attacks as you move away! You block the iguana's attack.
The iguana attacks as you move away!
The iguana bites you but does no damage.
The iguana attacks as you move away! The iguana closely misses you.
The iguana bites you.
* * * LOW HITPOINT WARNING * * *
The iguana attacks as you move away! The iguana bites you.
* * * LOW HITPOINT WARNING * * *
The iguana attacks as you move away! The iguana bites you.
* * * LOW HITPOINT WARNING * * *
The iguana attacks as you move away! The iguana bites you.
* * * LOW HITPOINT WARNING * * *
The iguana attacks as you move away! The iguana completely misses you.
There is an open door here.
There is a stone staircase leading up here.
The iguana bites you!
You die...

#....... #.......
#.......
#############.##.##
#..#......#...##>##
#..#.......#.......
#..l>......#.......
#.l#.......'.......
#.
#.@#l......#.......
!..
#..#.......#.......
#.#
#'###...##########.
###.###.###...#
######
#..<.#...#....#
#...'.
#....#...#....#
#...#.
#....'...#....#
#...#.
#....#...#....#
#...#.
#######.###########
##.##.


You could see 2 iguanas.

Vanquished Creatures
  Sigmund (D:2)
  A phantom (D:5)
  A bullfrog (D:5)
  4 scorpions
  A howler monkey (D:5)
  An orc priest (D:3)
  2 hounds (D:5)
  An iguana (D:5)
  An orc wizard (D:3)
  3 adders
  4 gnolls (D:4)
  An ufetubus (D:5)
  2 worms
  3 dart slugs
  5 orcs
  7 bats
  9 endoplasms
  6 giant cockroaches
  10 goblins
  7 hobgoblins
  15 kobolds
  8 quokkas
  9 ball pythons
  A frilled lizard (D:2)
  6 rats
  A bush (D:1)
110 creatures vanquished.

Vanquished Creatures (collateral kills)
  An ice beast (D:5)
1 creature vanquished.

Grand Total: 111 creatures vanquished

Notes
Turn   | Place    | Note
-------+----------+-------------------------------------------
     0 | D:1      | smilodon the Demonspawn Fighter began the quest for the
                  | Orb.
     0 | D:1      | Reached XP level 1. HP: 18/18 MP: 1/1
   187 | D:1      | Reached skill level 2 in Polearms
   188 | D:1      | Gained mutation: When seriously injured, your blood forms
                  | armour. (AC +6) [demonic ancestry]
   188 | D:1      | Reached XP level 2. HP: 19/24 MP: 2/2
   629 | D:1      | Found a faded altar of an unknown god.
   954 | D:1      | Gained mutation: You sometimes gain a little power by
                  | taking damage. [demonic ancestry]
   954 | D:1      | Reached XP level 3. HP: 25/29 MP: 3/3
  1783 | D:2      | Noticed Sigmund
  1791 | D:2      | Killed Sigmund
  1792 | D:2      | Reached skill level 3 in Polearms
  1792 | D:2      | Reached XP level 4. HP: 32/37 MP: 4/4
  1792 | D:2      | Reached XP level 5. HP: 36/42 MP: 5/5
  2211 | D:2      | Found Fastriux's Antique Armour Emporium.
  3639 | D:4      | Found a bloodstained altar of Trog.
  3642 | D:4      | Gained mutation: You are clumsy. (Dex -2) [potion of
                  | mutation]
  3642 | D:4      | Gained mutation: Your spells are a little easier to cast,
                  | but a little less powerful. [potion of mutation]
  3642 | D:4      | Gained mutation: You are robust. (+10% HP) [potion of
                  | mutation]
  3774 | D:4      | Gained mutation: You regenerate magic rapidly. [demonic
                  | ancestry]
  3774 | D:4      | Reached XP level 6. HP: 52/52 MP: 6/6
  3842 | D:4      | Found a basalt altar of Yredelemnul.
  4203 | D:4      | Reached skill level 4 in Polearms
  4538 | D:5      | Entered Level 5 of the Dungeon
  4653 | D:5      | Reached skill level 5 in Polearms
  4758 | D:5      | Gained mutation: You have sharp fingernails. [demonic
                  | ancestry]
  4758 | D:5      | Reached XP level 7. HP: 55/59 MP: 7/7
  4782 | D:5      | Found a snail-covered altar of Cheibriados.
  4919 | D:3      | Reached skill level 1 in Unarmed Combat
  5004 | D:2      | Bought a sheer robe for 148 gold pieces
  5004 | D:2      | Identified the +1 robe of Ischopny {rCorr Str-4 Int+6} (You
                  | bought it in a shop on level 2 of the Dungeon)
  5222 | D:5      | Found a staircase to the Ecumenical Temple.
  5281 | D:5      | Reached skill level 1 in Dodging
  5281 | D:5      | Reached skill level 1 in Spellcasting
  5589 | D:5      | Learned a level 2 spell: Wereblood
  6055 | D:5      | Mangled by an iguana

Illustrated notes

Levels and vault maps discovered:
D:1:      minmay_arrival_three_doors, layout_basic, basic_ecumenical_altar,
          minmay_hedge_maze, minivault_26
D:2:      layout_basic, serial_shops, shop, dk_vineyard_1,
          chequers_serial_rivers_small_b, minmay_worlds_worst_comb, uniq_sigmund
D:3:      wander_river, layout_basic
D:4:      layout_basic, overflow_temple_1_default, kennysheep_ying_yang,
          kennysheep_windowed_goal
D:5:      layout_gridville, cheibrodos_worm_habitat, temple_pool_b

Skill      XL: |  1  2  3  4  5  6  7 |
---------------+----------------------+-----
Polearms       | 2 3 5 |  5.2
Shields        | 3 |  3.7
Armour         | 3 |  3.7
Fighting       | 4 |  4.0
Unarmed Combat | 2 |  2.8
Dodging        | 2 |  2.3
Spellcasting   | 2 |  2.3

Action                   |  1- 3 |  4- 6 |  7- 9 || total
-------------------------+-------+-------+-------++-------
Melee: Trident           |   236 |   215 |       ||   451
       Unarmed           |       |       |   202 ||   202
       Dagger            |       |       |    19 ||    19
Throw: Stone             |    10 |     3 |       ||    13
       Dart              |       |     5 |       ||     5
 Cast: Wereblood         |       |       |     2 ||     2
  Use: Potion            |     3 |    12 |     1 ||    16
       Scroll            |       |    13 |     1 ||    14
Armor: Scale mail        |    78 |   113 |    45 ||   236
       Robe              |       |       |    66 ||    66
Dodge: Dodged            |    77 |    85 |    81 ||   243
Block: Buckler           |    38 |    54 |    31 ||   123
